AoeStats
← MattAtArms

Arabia

504082247Analyzed
1v1 RM · 1mo ago on Sep 3, 2026· 10m 24s· 2 players
Game mode
Random Map
Map size
Tiny (2 player)
Population
200
Speed
Normal
Resources
Standard
Victory
Conquest
Starting age
Dark Age
Ending age
Imperial Age
RankedLock teamsTeams togetherTeam positionsShared explorationLock speedFull tech treeHidden civsTurbo modeCheats
Victory
Defeat
🇬🇧 Vietnamese · United Kingdom
1920
+16
🇳🇱 Persians · Netherlands
1927
-16
MattAtArms
6:10 Loom
9:21 Feudal Age
9:21 Man-at-Arms
9:49 Double-Bit Axe
Glokken
5:52 Loom
8:39 Feudal Age
9:09 Double-Bit Axe
9:46 Horse Collar
Connection lost

Rejoining the realm…

Still unreachable

The connection could not be restored.

Session expired

The server has moved on; the page needs a fresh start.